BLB
DALLAS DRILLERS @ SYRACUSE SNAPPERS
04/30/2060
 
TOP OF THE 1ST
Dallas Drillers batting - Pitching for Syracuse Snappers : RHP Mitchell Jordan
Pitching: RHP Mitchell Jordan
Batting: LHB Raymond Crisp 0-0: Called Strike
0-1: Fly out, F5 (Popup, 5SF, EV 78.1 MPH)
Batting: RHB Aubrey Albano 0-0: Fly out, F6 (Line Drive, 6, EV 65.6 MPH)
Batting: LHB Lukas Hart 0-0: Called Strike
0-1: Fly out, F7 (Flyball, 7S, EV 78.8 MPH)
Top of the 1st over - 0 runs, 0 hits, 0 errors, 0 left on base; Dallas 0 - Syracuse 0
BOTTOM OF THE 1ST
Syracuse Snappers batting - Pitching for Dallas Drillers : RHP Jerry Fleming
Pitching: RHP Jerry Fleming
Batting: LHB Devan Clark 0-0: Ball
1-0: Ball
2-0: Ball
3-0: Called Strike
3-1: Foul Ball, location: 2F
3-2: Foul Ball, location: 2F
3-2: Foul Ball, location: 2F
3-2: Fly out, F8 (Flyball, 78XD, EV 101.2 MPH)
Batting: RHB Ben Piche 0-0: Ball
1-0: SINGLE (Line Drive, 78S, EV 93.8 MPH)
Batting: RHB Charlie Jones 0-0: Ball
Ben Piche steals 2nd base
1-0: Swinging Strike
1-1: Foul Ball, location: 2F
1-2: Foul Ball, location: 2F
1-2: Fly out, F9 (Line Drive, 9, EV 90.6 MPH)
Batting: RHB Asher Kappler 0-0: Foul Ball, location: 2F
0-1: Ball
1-1: Fly out, F9 (Flyball, 89M, EV 78.8 MPH)
Bottom of the 1st over - 0 runs, 1 hit, 0 errors, 1 left on base; Dallas 0 - Syracuse 0
TOP OF THE 2ND
Dallas Drillers batting - Pitching for Syracuse Snappers : RHP Mitchell Jordan
Batting: LHB Devin Welninski 0-0: Ball
1-0: Ball
2-0: Foul Ball, location: 2F
2-1: Fly out, F9 (Flyball, 9, EV 97.5 MPH)
Batting: RHB Latif Won 0-0: Ball
1-0: Ball
2-0: Ball
3-0: Base on Balls
Batting: LHB Ed Baker 0-0: Foul Ball, location: 2F
0-1: Called Strike
0-2: Ball
1-2: Foul Ball, location: 2F
1-2: Strikes out swinging
Batting: RHB Jehvon Curry 0-0: Called Strike
0-1: SINGLE (Groundball, 6MD, EV 99.4 MPH)
Latif Won to second
Batting: RHB Sean Kovacevic 0-0: Called Strike
0-1: Foul Ball, location: 2F
0-2: Strikes out swinging
Top of the 2nd over - 0 runs, 1 hit, 0 errors, 2 left on base; Dallas 0 - Syracuse 0
BOTTOM OF THE 2ND
Syracuse Snappers batting - Pitching for Dallas Drillers : RHP Jerry Fleming
Batting: SHB J.D. Diltz 0-0: Called Strike
0-1: Ball
1-1: Ball
2-1: Swinging Strike
2-2: Strikes out swinging
Batting: LHB Robert Wenstrom 0-0: Ball
1-0: Ground out 5-3 (Groundball, 15, EV 77.5 MPH)
Batting: SHB Spencer Buccheri 0-0: Ball
1-0: Foul Ball, location: 2F
1-1: Ball
2-1: Ball
3-1: Foul Ball, location: 2F
3-2: Strikes out looking
Bottom of the 2nd over - 0 runs, 0 hits, 0 errors, 0 left on base; Dallas 0 - Syracuse 0
TOP OF THE 3RD
Dallas Drillers batting - Pitching for Syracuse Snappers : RHP Mitchell Jordan
Batting: SHB Cooper Heizer 0-0: Called Strike
0-1: Foul Ball, location: 2F
0-2: Strikes out looking
Batting: LHB Raymond Crisp 0-0: Foul Ball, location: 2F
0-1: Ball
1-1: Foul Ball, location: 2F
1-2: Foul Ball, location: 2F
1-2: Foul Ball, location: 2F
1-2: Foul Ball, location: 2F
1-2: Strikes out swinging
Batting: RHB Aubrey Albano 0-0: DOUBLE (Line Drive, 89D, EV 102.5 MPH)
Pinch Runner at 2nd Kagan Abbasi:
Batting: LHB Lukas Hart 0-0: Ball
1-0: Called Strike
1-1: Fly out, F9 (Line Drive, 9, EV 94.4 MPH)
Top of the 3rd over - 0 runs, 1 hit, 0 errors, 1 left on base; Dallas 0 - Syracuse 0
BOTTOM OF THE 3RD
Syracuse Snappers batting - Pitching for Dallas Drillers : RHP Jerry Fleming
Now at 1B: Kagan Abbasi
Now at 2B: Jehvon Curry
Now at 3B: Latif Won
Batting: RHB Damian Goranson 0-0: Fly out, F7 (Line Drive, 78M, EV 99.4 MPH)
Batting: RHB Lukas Byrd 0-0: Foul Ball, location: 2F
0-1: Ground out 6-3 (Groundball, 6, EV 86.9 MPH)
Batting: LHB Devan Clark 0-0: SINGLE (Line Drive, 7S, EV 99.4 MPH)
Batting: RHB Ben Piche 0-0: Ball
1-0: SINGLE (Groundball, 6MD, EV 101.9 MPH)
Devan Clark to second
Batting: RHB Charlie Jones 0-0: Fly out, F8 (Flyball, 89M, EV 86.2 MPH)
Bottom of the 3rd over - 0 runs, 2 hits, 0 errors, 2 left on base; Dallas 0 - Syracuse 0
TOP OF THE 4TH
Dallas Drillers batting - Pitching for Syracuse Snappers : RHP Mitchell Jordan
Batting: LHB Devin Welninski 0-0: Ball
1-0: Swinging Strike
1-1: Called Strike
1-2: Strikes out swinging
Batting: RHB Latif Won 0-0: Called Strike
0-1: Foul Ball, location: 2F
0-2: Ground out 5-3 (Groundball, 56, EV 86.9 MPH)
Batting: LHB Ed Baker 0-0: Ball
1-0: Called Strike
1-1: Foul Ball, location: 2F
1-2: Ground out 6-3 (Groundball, 6M, EV 77.5 MPH)
Top of the 4th over - 0 runs, 0 hits, 0 errors, 0 left on base; Dallas 0 - Syracuse 0
BOTTOM OF THE 4TH
Syracuse Snappers batting - Pitching for Dallas Drillers : RHP Jerry Fleming
Batting: RHB Asher Kappler 0-0: Swinging Strike
0-1: Ball
1-1: Ball
2-1: Foul Ball, location: 2F
2-2: Ball
3-2: SINGLE (Groundball, 56D, EV 103.8 MPH)
Batting: SHB J.D. Diltz 0-0: Ball
1-0: Ball
2-0: SINGLE (Groundball, 56D, EV 96.2 MPH)
Asher Kappler to second
Batting: LHB Robert Wenstrom 0-0: Fly out, F8 (Line Drive, 8RS, EV 95.0 MPH)
Batting: SHB Spencer Buccheri 0-0: Foul Ball, location: 2F
0-1: Ball
1-1: Ball
2-1: Fly out, F7 (Flyball, 7LS, EV 83.1 MPH)
Batting: RHB Damian Goranson 0-0: Called Strike
0-1: Ball
1-1: Ball
2-1: Foul Ball, location: 2F
2-2: Ground out 4-3 (Groundball, 4MS, EV 70.0 MPH)
Bottom of the 4th over - 0 runs, 2 hits, 0 errors, 2 left on base; Dallas 0 - Syracuse 0
TOP OF THE 5TH
Dallas Drillers batting - Pitching for Syracuse Snappers : RHP Mitchell Jordan
Batting: RHB Jehvon Curry 0-0: Reached via error on a dropped throw from SS, E3 (Groundball, 6, EV 91.9 MPH)
Batting: RHB Sean Kovacevic 0-0: Grounds into double play, 6-4-3 (Groundball, 6, EV 83.8 MPH)
Batting: SHB Cooper Heizer 0-0: Foul Ball, location: 2F
0-1: Foul Ball, location: 2F
0-2: Ball
1-2: Strikes out looking
Top of the 5th over - 0 runs, 0 hits, 1 error, 0 left on base; Dallas 0 - Syracuse 0
BOTTOM OF THE 5TH
Syracuse Snappers batting - Pitching for Dallas Drillers : RHP Jerry Fleming
Batting: RHB Lukas Byrd 0-0: Ball
1-0: SINGLE (Groundball, 34D, EV 100.6 MPH)
Batting: LHB Devan Clark 0-0: Foul Ball, location: 2F
0-1: Ball
1-1: Ball
2-1: SINGLE (Line Drive, 56D, EV 98.1 MPH)
Lukas Byrd to second
Batting: RHB Ben Piche 0-0: Ball
1-0: Ball
2-0: Sac Bunt to 15S - play at first, batter OUT! 1-3
Lukas Byrd to third
Devan Clark to second
Batting: RHB Charlie Jones 0-0: Ball
1-0: Called Strike
1-1: Ball
2-1: TRIPLE (Line Drive, 89XD, EV 100.6 MPH)
Lukas Byrd scores
Devan Clark scores
Batting: RHB Asher Kappler 0-0: Foul Ball, location: 2F
0-1: Called Strike
0-2: Ball
1-2: Strikes out swinging
Batting: SHB J.D. Diltz 0-0: Called Strike
0-1: Called Strike
0-2: Foul Ball, location: 2F
0-2: Ball
1-2: Ball
2-2: SINGLE (Line Drive, 4MD, EV 103.1 MPH)
Charlie Jones scores
Batting: LHB Robert Wenstrom 0-0: Swinging Strike
0-1: Ball
1-1: Called Strike
1-2: Ball
2-2: Ball
3-2: Foul Ball, location: 2F
3-2: Hit by Pitch
J.D. Diltz to second
Pitching: RHP Henry Kemp
Batting: SHB Spencer Buccheri 0-0: Ball
1-0: Called Strike
1-1: Swinging Strike
1-2: Strikes out looking
Bottom of the 5th over - 3 runs, 4 hits, 0 errors, 2 left on base; Dallas 0 - Syracuse 3
TOP OF THE 6TH
Dallas Drillers batting - Pitching for Syracuse Snappers : RHP Mitchell Jordan
Batting: LHB Raymond Crisp 0-0: Ball
1-0: SINGLE (Line Drive, 78S, EV 86.9 MPH)
Batting: LHB Kagan Abbasi 0-0: Swinging Strike
0-1: Ball
Raymond Crisp steals 2nd base (no throw)
1-1: Swinging Strike
1-2: Strikes out swinging
Batting: LHB Lukas Hart 0-0: Called Strike
0-1: Ground out U3 (Groundball, 3, EV 84.4 MPH)
Raymond Crisp to third
Batting: LHB Devin Welninski 0-0: Ball
1-0: Fly out, F5 (Popup, 56S, EV 74.4 MPH)
Top of the 6th over - 0 runs, 1 hit, 0 errors, 1 left on base; Dallas 0 - Syracuse 3
BOTTOM OF THE 6TH
Syracuse Snappers batting - Pitching for Dallas Drillers : RHP Henry Kemp
Batting: RHB Damian Goranson 0-0: Foul Ball, location: 2F
0-1: Ball
1-1: SINGLE (Groundball, 4S, EV 62.5 MPH) (infield hit)
Batting: RHB Lukas Byrd 0-0: Called Strike
0-1: Ball
1-1: Foul Ball, location: 2F
1-2: Strikes out swinging
Batting: LHB Devan Clark 0-0: Called Strike
0-1: Called Strike
0-2: Strikes out swinging
Batting: RHB Ben Piche 0-0: Ball
1-0: Ball
2-0: Called Strike
2-1: Fielders Choice at 2nd, 6-4 (Groundball, 56, EV 104.4 MPH)
Bottom of the 6th over - 0 runs, 1 hit, 0 errors, 1 left on base; Dallas 0 - Syracuse 3
TOP OF THE 7TH
Dallas Drillers batting - Pitching for Syracuse Snappers : RHP Mitchell Jordan
Batting: RHB Latif Won 0-0: Called Strike
0-1: Ball
1-1: Fly out, F4 (Popup, 23, EV 85.0 MPH)
Batting: LHB Ed Baker 0-0: Ball
1-0: Called Strike
1-1: Foul Ball, location: 2F
1-2: Ball
2-2: Ball
3-2: Fly out, F9 (Flyball, 89M, EV 85.0 MPH)
Batting: RHB Jehvon Curry 0-0: Ball
1-0: Fly out, F8 (Flyball, 8LD, EV 101.2 MPH)
Top of the 7th over - 0 runs, 0 hits, 0 errors, 0 left on base; Dallas 0 - Syracuse 3
BOTTOM OF THE 7TH
Syracuse Snappers batting - Pitching for Dallas Drillers : RHP Henry Kemp
Batting: RHB Charlie Jones 0-0: Foul Ball, location: 2F
0-1: Foul Ball, location: 2F
0-2: Ground out 6-3 (Groundball, 6, EV 85.0 MPH)
Batting: RHB Asher Kappler 0-0: Foul Ball, location: 2F
0-1: Called Strike
0-2: Ball
1-2: Foul Ball, location: 2F
1-2: Foul Ball, location: 2F
1-2: Ball
2-2: Strikes out swinging
Batting: SHB J.D. Diltz 0-0: Foul Ball, location: 2F
0-1: Ball
1-1: Ball
2-1: Called Strike
2-2: Foul Ball, location: 2F
2-2: Strikes out looking
Bottom of the 7th over - 0 runs, 0 hits, 0 errors, 0 left on base; Dallas 0 - Syracuse 3
TOP OF THE 8TH
Dallas Drillers batting - Pitching for Syracuse Snappers : RHP Mitchell Jordan
Batting: RHB Sean Kovacevic 0-0: Ball
1-0: SINGLE (Groundball, 6D, EV 103.1 MPH)
Batting: SHB Cooper Heizer 0-0: Ball
1-0: Ball
2-0: Ball
3-0: Called Strike
3-1: Fielders Choice at 2nd, 1-4 (Groundball, 15S, EV 62.5 MPH)
Batting: LHB Raymond Crisp 0-0: Ball
1-0: Fielders Choice at 2nd, 3-6 (Groundball, 3, EV 84.4 MPH)
Batting: LHB Kagan Abbasi 0-0: Ball
1-0: Called Strike
1-1: Foul Ball, location: 2F
1-2: Foul Ball, location: 2F
1-2: Ball
2-2: Fly out, F9 (Flyball, 9, EV 95.0 MPH)
Top of the 8th over - 0 runs, 1 hit, 0 errors, 1 left on base; Dallas 0 - Syracuse 3
BOTTOM OF THE 8TH
Syracuse Snappers batting - Pitching for Dallas Drillers : RHP Henry Kemp
Batting: LHB Robert Wenstrom 0-0: Ball
1-0: Called Strike
1-1: Swinging Strike
1-2: Strikes out swinging
Batting: SHB Spencer Buccheri 0-0: Called Strike
0-1: SOLO HOME RUN (Flyball, 9LD, EV 94.4 MPH), Distance : 360 ft
Batting: RHB Damian Goranson 0-0: Ball
1-0: Ball
2-0: Fly out, F7 (Flyball, 78M, EV 98.1 MPH)
Batting: RHB Lukas Byrd 0-0: Ball
1-0: Ball
2-0: Foul Ball, location: 2F
2-1: Called Strike
2-2: DOUBLE (Line Drive, 89XD, EV 105.6 MPH)
Pitching: RHP Chase Kunstman
Batting: LHB Devan Clark 0-0: Ground out 5-3 (Groundball, 56S, EV 68.1 MPH)
Bottom of the 8th over - 1 run, 2 hits, 0 errors, 1 left on base; Dallas 0 - Syracuse 4
TOP OF THE 9TH
Dallas Drillers batting - Pitching for Syracuse Snappers : RHP Mitchell Jordan
Batting: LHB Lukas Hart 0-0: Called Strike
0-1: Fly out, F8 (Flyball, 8RD, EV 92.5 MPH)
Batting: LHB Devin Welninski 0-0: Called Strike
0-1: SINGLE (Line Drive, 6D, EV 98.8 MPH)
Pitching: RHP Blake Mitchell
Batting: RHB Latif Won 0-0: Called Strike
0-1: Ball
1-1: Ball
2-1: Ball
3-1: Called Strike
3-2: SINGLE (Groundball, 34D, EV 104.4 MPH)
Devin Welninski to second
Devin Welninski to third
Pitching: RHP Trevon Pearson
Batting: LHB Ed Baker 0-0: Foul Ball, location: 2F
0-1: Ball
1-1: Foul Ball, location: 2F
1-2: Ball
2-2: Fly out, F8 (Line Drive, 8RM, EV 84.4 MPH)
Batting: RHB Jehvon Curry 0-0: Called Strike
0-1: Foul Ball, location: 2F
0-2: Fielders Choice at 2nd, 6-4 (Groundball, 6, EV 81.9 MPH)
Top of the 9th over - 0 runs, 2 hits, 0 errors, 2 left on base; Dallas 0 - Syracuse 4
Monday, April 29th , 2024 - OOTP Baseball 23.10 Build 110